[Event "Titled Tuesday Blitz January 03 Late 2023"]
[White "Chor, Kevin"]
[Black "Vasquez Schroeder, Rodrigo"]
[WhiteFideId "2090740"]
[BlackFideId "3400042"]
[WhiteElo "1944"]
[BlackElo "2524"]
[Result "1-0"]
[Round "06"]
[TimeControl "180+2"]
[Date "2023.01.03"]
[WhiteClock "0:00:04"]
[BlackClock "0:00:34"]

1. e4 c5 2. Nf3 d6 3. d4 cxd4 4. Nxd4 Nf6 5. Nc3 a6 6. Ke2 e5 7. Nb3 b5 8. f3 Bb7 9. Be3 Nbd7 10. Kf2 Rc8 11. Be2 b4 12. Na4 d5 13. exd5 Nxd5 14. Qd2 Nxe3 15. Qxe3 Bc6 16. Nac5 Bxc5 17. Nxc5 O-O 18. Bxa6 Ra8 19. Bd3 Qh4+ 20. g3 Qe7 21. Nxd7 Bxd7 22. Rhe1 Rfe8 23. Kg2 g6 24. c4 bxc3 25. bxc3 Ra3 26. Bc4 Bc6 27. Bb3 Kg7 28. Rad1 f6 29. Kg1 Ra5 30. c4 Rb8 31. Rd3 h5 32. Red1 Rc8 33. R3d2 Be8 34. Rd6 Rac5 35. R1d5 R5c7 36. c5 Bf7 37. Rd2 Be8 38. Re6 Qxc5 39. Qxc5 Rxc5 40. Rdd6 f5 41. Re7+ Kf8 42. Rh7 R5c7 43. Rf6+ Bf7 44. Bxf7 Rc1+ 45. Kg2 R8c2+ 46. Kh3 Ke7 47. Rxg6 Rd2 48. Bb3+ Kf8 49. Rg8# 1-0


[Site "https://www.chess.com"]

[Event "Titled Tuesday Blitz January 03 Late 2023"]
[White "Girel, Joseph"]
[Black "Kleiman, Jake"]
[WhiteFideId "36033561"]
[BlackFideId "2020041"]
[WhiteElo "2395"]
[BlackElo "2399"]
[Result "0-1"]
[Round "06"]
[TimeControl "180+2"]
[Date "2023.01.03"]
[WhiteClock "0:00:05"]
[BlackClock "0:00:24"]

1. e4 c5 2. Nf3 e6 3. d4 cxd4 4. Bg5 Qc7 5. Nxd4 a6 6. c4 Nc6 7. Nxc6 dxc6 8. Nc3 e5 9. Be3 Nf6 10. Be2 Be6 11. f3 Nd7 12. Qd2 Bc5 13. Bxc5 Nxc5 14. b4 Nd7 15. a3 a5 16. Rb1 axb4 17. axb4 O-O 18. O-O Rfd8 19. Qe3 Ra3 20. Rfd1 Rda8 21. Rb2 h6 22. Rbd2 Nf8 23. c5 Rb3 24. Rb1 Raa3 25. Rxb3 Rxb3 26. Qd3 Rxb4 27. Qe3 Rb3 28. Rd3 Qa5 29. Kf2 Bc4 30. Nd5 Bxd3 31. Ne7+ Kh8 32. Bxd3 Qc3 33. Ke2 Ne6 34. Nf5 Qxd3+ 35. Qxd3 Nf4+ 36. Ke3 Nxd3 37. Nd6 Nxc5+ 38. Kf2 Kg8 39. Nf5 Kf8 40. h4 h5 41. Kg3 Nxe4+ 42. Kh3 Nf6 43. Ng3 g6 44. Kh2 e4 45. Ne2 exf3 46. gxf3 Rxf3 47. Nd4 Rf4 48. Nb3 Rxh4+ 49. Kg3 Rc4 50. Na5 Rg4+ 51. Kf3 h4 52. Nxb7 h3 0-1


[Site "https://www.chess.com"]

[Event "Titled Tuesday Blitz January 03 Late 2023"]
[White "Avila Pavas, Santiago"]
[Black "Leenhouts, Koen"]
[WhiteFideId "4437128"]
[BlackFideId "1008439"]
[WhiteElo "2522"]
[BlackElo "2447"]
[Result "1-0"]
[Round "06"]
[TimeControl "180+2"]
[Date "2023.01.03"]
[WhiteClock "0:01:44"]
[BlackClock "0:00:10"]

1. d4 Nf6 2. Nf3 e6 3. Bf4 d5 4. e3 Bd6 5. Bg3 c5 6. c3 Nc6 7. Nbd2 cxd4 8. exd4 Bxg3 9. hxg3 Qc7 10. Bd3 Bd7 11. Qe2 O-O-O 12. O-O-O h6 13. Kb1 Kb8 14. Bb5 Ne7 15. Bd3 Rc8 16. Ne5 Rhf8 17. f4 Ne8 18. Rhe1 Nd6 19. g4 a6 20. f5 Bb5 21. fxe6 fxe6 22. Nb3 Bxd3+ 23. Nxd3 Ne4 24. Nbc5 Nxc5 25. Nxc5 Rf6 26. Nxe6 Qg3 27. Nxg7 Nc6 28. Nh5 Qd6 29. Nxf6 Qxf6 30. Qe3 Ka8 31. Qe6 Qf8 32. Qxd5 Rd8 33. Qf3 1-0


[Site "https://www.chess.com"]

[Event "Titled Tuesday Blitz January 03 Late 2023"]
[White "Riehle, Marco"]
[Black "Rodriguez Fontecha, Marcos"]
[WhiteFideId "12904392"]
[BlackFideId "2256576"]
[WhiteElo "2368"]
[BlackElo "2309"]
[Result "1-0"]
[Round "06"]
[TimeControl "180+2"]
[Date "2023.01.03"]
[WhiteClock "0:00:04"]
[BlackClock "0:00:02"]

1. e4 e6 2. c4 d5 3. cxd5 exd5 4. Qb3 c6 5. e5 Qb6 6. Qxb6 axb6 7. d4 c5 8. f4 cxd4 9. Nf3 Nc6 10. Bb5 Bd7 11. Nbd2 Nxe5 12. Nxd4 Nc6 13. N2f3 Bc5 14. Be3 Nge7 15. Kf2 Nf5 16. Nxf5 Bxf5 17. Ne5 d4 18. Bd2 Rc8 19. g4 Be6 20. f5 Bd5 21. Rhe1 O-O 22. Nd7 Rfd8 23. Nxc5 bxc5 24. b3 f6 25. h4 Ne5 26. g5 Bc6 27. Bc4+ Nxc4 28. bxc4 fxg5 29. hxg5 Rf8 30. Re5 Bd7 31. f6 gxf6 32. gxf6 Rxf6+ 33. Ke2 Re6 34. Rg1+ Kf7 35. Rf1+ Ke8 36. Bf4 Rxe5+ 37. Bxe5 Ra8 38. Bd6 Rxa2+ 39. Kd3 Ra3+ 40. Ke4 Bc6+ 41. Ke5 Re3+ 42. Kf4 Re6 43. Be5 b5 44. cxb5 Bxb5 45. Rb1 Bc6 46. Rc1 d3 47. Bc3 Re2 48. Rg1 d2 49. Rd1 Re4+ 50. Kg5 Rc4 51. Bxd2 Rd4 52. Re1+ Be4 53. Be3 Rc4 54. Kf6 Bg6 55. Bg5+ Kd7 56. Ra1 Kc6 57. Ra8 Kd5 58. Rd8+ Ke4 59. Rd7 Rc2 60. Re7+ Kd3 61. Rd7+ Ke2 62. Ke5 c4 63. Ra7 h5 64. Rg7 Bd3 65. Kd4 Ra2 66. Be3 Kf3 67. Rf7+ Kg4 68. Rg7+ Kf5 69. Rg5+ Kf6 70. Rxh5 Ra8 71. Rh6+ Kg7 72. Rc6 Rd8+ 73. Kc3 Re8 74. Bd4+ Kf7 75. Rb6 Re7 76. Ra6 Rd7 77. Rf6+ Ke7 78. Rh6 Kf7 79. Rf6+ Ke7 80. Rb6 Kf7 81. Bc5 Rd5 82. Bb4 Rd7 83. Kb2 Be4 84. Kc3 Bd3 85. Ra6 Rc7 86. Rd6 Rb7 87. Rc6 Ke8 88. Bc5 Kd7 89. Rh6 Ke8 90. Kd4 Kd7 91. Rh5 Rb8 92. Rg5 Rd8 93. Kc3 Kc6 94. Bb4 Ra8 95. Rc5+ Kb6 96. Re5 Ra2 97. Kd4 Rc2 98. Re6+ Kc7 99. Bc3 Kd7 100. Rh6 Rf2 101. Ra6 Rf4+ 102. Kd5 Rf5+ 103. Be5 Ke7 104. Ra7+ Kf8 105. Ke6 c3 106. Ra8# 1-0


[Site "https://www.chess.com"]

[Event "Titled Tuesday Blitz January 03 Late 2023"]
[White "Erzhanov, Arman"]
[Black "Saric, Ibro"]
[WhiteFideId "4138821"]
[BlackFideId "14401290"]
[WhiteElo "2228"]
[BlackElo "2531"]
[Result "0-1"]
[Round "06"]
[TimeControl "180+2"]
[Date "2023.01.03"]
[WhiteClock "0:00:49"]
[BlackClock "0:01:03"]

1. e4 e5 2. Nf3 Nc6 3. Bb5 a6 4. Bxc6 dxc6 5. O-O Bd6 6. d4 exd4 7. Qxd4 f6 8. Be3 Ne7 9. Nbd2 Be6 10. Qc3 Ng6 11. Nc4 Bxc4 12. Qxc4 Qe7 13. Rad1 Qf7 14. Qxf7+ Kxf7 15. Nd4 Rhd8 16. Nf5 Bf8 17. f3 Ne5 18. b3 g6 19. Kf2 gxf5 20. exf5 Be7 21. g4 Rxd1 22. Rxd1 Rd8 23. Rxd8 Bxd8 24. h4 b6 25. Kg3 c5 26. f4 Nc6 27. c3 a5 28. a4 Ne7 29. Kf3 Nd5 30. Bd2 c6 31. Ke4 Bc7 32. g5 Ne7 33. h5 b5 34. c4 bxa4 35. bxa4 Nc8 36. Kf3 Nd6 37. Kg4 Nxc4 38. Bc1 h6 39. gxh6 Kg8 0-1


[Site "https://www.chess.com"]

[Event "Titled Tuesday Blitz January 03 Late 2023"]
[White "Dourerassou, Jonathan"]
[Black "Slade, Theodore"]
[WhiteFideId "628050"]
[BlackFideId "426547"]
[WhiteElo "2414"]
[BlackElo "1995"]
[Result "0-1"]
[Round "06"]
[TimeControl "180+2"]
[Date "2023.01.03"]
[WhiteClock "0:00:13"]
[BlackClock "0:00:08"]

1. d4 d5 2. Nf3 Nf6 3. Bf4 c5 4. e3 Nc6 5. Nbd2 cxd4 6. exd4 Qb6 7. Rb1 Nxd4 8. Nxd4 Qxd4 9. Bb5+ Bd7 10. Be3 Qb4 11. Bxd7+ Nxd7 12. c3 Qd6 13. O-O e5 14. Qb3 Nb6 15. Rbd1 Be7 16. Ne4 Qc6 17. Ng3 Bc5 18. Nf5 O-O 19. Rfe1 Rfe8 20. Bxc5 Qxc5 21. Re3 g6 22. Nh6+ Kg7 23. Ng4 Nc4 24. Red3 Nb6 25. Qc2 Rad8 26. Qd2 Qc6 27. Qh6+ Kg8 28. Rh3 Nd7 29. Qxh7+ Kf8 30. Rf3 Qe6 31. Re1 e4 32. Rf4 Ke7 33. Qh4+ Kd6 34. Nf6 Rh8 35. Qg3 Ne5 36. Rd1 Ke7 37. Qg5 Kf8 38. Nh7+ Kg7 39. Rf6 Qg4 40. Rxf7+ Kxf7 41. Qf6+ Kg8 42. Qxd8+ Kxh7 43. Qe7+ Kh6 44. Rxd5 Nf3+ 45. Kh1 Nh4 46. g3 Qf3+ 47. Kg1 Qg2# 0-1


[Site "https://www.chess.com"]

[Event "Titled Tuesday Blitz January 03 Late 2023"]
[White "Maksimovic, Bojan"]
[Black "Mendez Fortes, Eduardo Jesus"]
[WhiteFideId "14408120"]
[BlackFideId "3502376"]
[WhiteElo "2486"]
[BlackElo "2250"]
[Result "1-0"]
[Round "06"]
[TimeControl "180+2"]
[Date "2023.01.03"]
[WhiteClock "0:00:45"]
[BlackClock "0:00:52"]

1. g3 d5 2. Bg2 Nf6 3. Nf3 e6 4. O-O c5 5. c4 d4 6. e3 Nc6 7. exd4 cxd4 8. d3 h6 9. Re1 Be7 10. Na3 Nd7 11. Nc2 e5 12. b4 Nxb4 13. Nxe5 Nxc2 14. Qxc2 Nc5 15. Rb1 O-O 16. Ba3 Qa5 17. Bb4 Qc7 18. Bd5 a5 19. Bxc5 Bxc5 20. Rb5 Ra6 21. Nxf7 Rxf7 22. Rxc5 Qxc5 23. Re8+ Kh7 24. Bxf7 Rf6 25. Bg8+ Kg6 26. Bd5 Bf5 27. Qe2 b5 28. g4 Bd7 29. Qe4+ Kg5 30. Re5+ Kh4 31. Rh5# 1-0


[Site "https://www.chess.com"]

[Event "Titled Tuesday Blitz January 03 Late 2023"]
[White "Goryachkina, Aleksandra"]
[Black "Bayo Milagro, Alvaro"]
[WhiteFideId "4147103"]
[BlackFideId "22275240"]
[WhiteElo "2571"]
[BlackElo "2287"]
[Result "1-0"]
[Round "06"]
[TimeControl "180+2"]
[Date "2023.01.03"]
[WhiteClock "0:01:14"]
[BlackClock "0:00:20"]

1. e4 e5 2. Nc3 Nf6 3. d4 exd4 4. Qxd4 Nc6 5. Qd3 g6 6. Bg5 h6 7. Bh4 Bg7 8. O-O-O O-O 9. f4 d6 10. Nf3 Bg4 11. Nd5 a5 12. a3 Bxf3 13. Qxf3 Re8 14. e5 dxe5 15. Nxf6+ Bxf6 16. Rxd8 Bxd8 17. Bxd8 Raxd8 18. Bd3 e4 19. Bxe4 Nd4 20. Qd3 b5 21. Kb1 c5 22. Bxg6 fxg6 23. Qxg6+ Kf8 24. Qxh6+ Kg8 25. Qg6+ Kf8 26. f5 Re2 27. f6 Rd7 28. Rf1 Nxc2 29. f7 1-0


[Site "https://www.chess.com"]

[Event "Titled Tuesday Blitz January 03 Late 2023"]
[White "Roberson, Peter T"]
[Black "Sai Krishna G V"]
[WhiteFideId "412384"]
[BlackFideId "5028280"]
[WhiteElo "2430"]
[BlackElo "2384"]
[Result "0-1"]
[Round "06"]
[TimeControl "180+2"]
[Date "2023.01.03"]
[WhiteClock "0:00:03"]
[BlackClock "0:00:22"]

1. e4 e5 2. Nf3 Nc6 3. Bc4 Nf6 4. d3 h6 5. Nbd2 g6 6. c3 Bg7 7. O-O O-O 8. Re1 d6 9. d4 Nd7 10. Nf1 Kh7 11. Ng3 Qf6 12. Be3 Nb6 13. Be2 Rd8 14. Qd2 d5 15. dxe5 Nxe5 16. Nxe5 Qxe5 17. f4 Qe7 18. e5 Nc4 19. Bxc4 dxc4 20. Qf2 Qh4 21. Ne4 Qxf2+ 22. Kxf2 Bf5 23. Bd4 b6 24. Nf6+ Bxf6 25. exf6 c5 26. Be3 Rd3 27. h3 Rad8 28. g4 Be6 29. g5 Bxh3 30. Rh1 Bg4 31. Rxh6+ Kg8 32. Rh4 Bh5 33. Rah1 Re8 34. R1h3 Re4 35. Bc1 Kf8 36. Rxh5 gxh5 37. Rxh5 Ke8 38. Rh8+ Kd7 39. Rf8 Ke6 40. Re8+ Kf5 41. Rxe4 Kxe4 42. g6 fxg6 43. f7 Rd8 44. f5 gxf5 45. Bh6 Kd3 46. f8=Q Rxf8 47. Bxf8 Kc2 48. Ke3 Kxb2 49. Kd2 Kxa2 50. Bd6 Kb3 51. Bc7 a5 52. Bxb6 a4 53. Bxc5 Kb2 54. Ke3 a3 55. Bxa3+ Kxa3 56. Kd4 Kb3 57. Ke5 Kxc3 58. Kxf5 Kd3 0-1


[Site "https://www.chess.com"]

[Event "Titled Tuesday Blitz January 03 Late 2023"]
[White "Tristan, Leonardo"]
[Black "Bilan, Danila"]
[WhiteFideId "113816"]
[BlackFideId "24161918"]
[WhiteElo "2545"]
[BlackElo "2303"]
[Result "0-1"]
[Round "06"]
[TimeControl "180+2"]
[Date "2023.01.03"]
[WhiteClock "0:00:12"]
[BlackClock "0:00:12"]

1. d4 d5 2. Nf3 Nf6 3. Bf4 c5 4. e3 Nc6 5. Nbd2 cxd4 6. exd4 Bg4 7. c3 e6 8. Qb3 Qc8 9. Bd3 Be7 10. O-O O-O 11. Rae1 Bh5 12. Ne5 Nxe5 13. dxe5 Nd7 14. Qc2 Bg6 15. Bxg6 hxg6 16. Nf3 Qc4 17. Nd4 Rfc8 18. Qb1 Nc5 19. Re3 Ne4 20. Rfe1 Bc5 21. Rd3 Bxd4 22. Rxd4 Qa6 23. h4 Rc4 24. Be3 Rac8 25. a3 Nc5 26. Qd1 Qb5 27. Qe2 a6 28. Rxc4 Qxc4 29. Qxc4 dxc4 30. Bxc5 Rxc5 31. f4 Rd5 32. Re2 Kf8 33. Kf2 Ke7 34. Kf3 Kd7 35. Ke4 Kc6 36. g4 Rd3 37. f5 gxf5+ 38. gxf5 Rh3 39. Rg2 Rxh4+ 40. Kf3 Rh7 41. Kf4 b5 42. fxe6 fxe6 43. Kg5 Kd5 44. Kg6 Rh3 45. Re2 Rh4 46. Kf7 Re4 47. Rd2+ Kxe5 48. Kxg7 Rf4 49. Kg6 Ke4 50. Kg5 Rf5+ 51. Kg4 Ke5 52. Rd7 Rf2 53. Ra7 Rxb2 54. Rxa6 Rb3 55. Ra5 Ke4 56. a4 bxa4 57. Rxa4 Rxc3 58. Ra6 e5 59. Rd6 Rd3 60. Rc6 c3 61. Rc4+ Ke3 62. Kf5 e4 63. Rxe4+ Kd2 64. Rh4 c2 65. Rh2+ Kc3 66. Rh1 Rd1 67. Rh3+ Kb2 68. Rh2 Kb1 69. Rd2 Rxd2 0-1


[Site "https://www.chess.com"]

[Event "Titled Tuesday Blitz January 03 Late 2023"]
[White "Domingo Nunez, Ruben"]
[Black "Brodowski, Piotr"]
[WhiteFideId "22245570"]
[BlackFideId "1124480"]
[WhiteElo "2416"]
[BlackElo "2457"]
[Result "0-1"]
[Round "06"]
[TimeControl "180+2"]
[Date "2023.01.03"]
[WhiteClock "0:00:02"]
[BlackClock "0:00:03"]

1. e4 d6 2. d4 g6 3. Nc3 Bg7 4. h4 h6 5. Be3 a6 6. a4 Nd7 7. Qd2 e5 8. Bc4 Ngf6 9. f3 exd4 10. Bxd4 O-O 11. Nge2 Ne5 12. Bb3 Kh7 13. Bxe5 dxe5 14. Qxd8 Rxd8 15. Bxf7 Nh5 16. g4 Nf4 17. Nxf4 exf4 18. h5 gxh5 19. gxh5 Bd7 20. Nd5 Bxb2 21. Rb1 Be5 22. Rxb7 Bc6 23. Rb1 Bxa4 24. Rg1 c6 25. Rb7 Kh8 26. Rg6 cxd5 27. Rxh6+ Kg7 28. Rg6+ Kh8 29. Be6 Bc3+ 30. Kf1 Bb5+ 31. Kf2 Bd4+ 32. Ke1 Bc3+ 33. Kd1 dxe4+ 34. Kc1 Bd7 35. Rh6+ Kg7 36. Rg6+ Kf8 37. Bxd7 Rab8 38. Rxb8 Rxb8 39. fxe4 f3 40. Be6 f2 41. Bc4 Rb4 42. Bd3 Rxe4 43. Kb1 a5 44. Rc6 Re1+ 45. Ka2 Bd2 46. Rc8+ Ke7 47. Rc7+ Kf6 48. Rc6+ Kg5 49. h6 f1=Q 50. Bxf1 Rxf1 51. Rd6 Bc3 0-1


[Site "https://www.chess.com"]

[Event "Titled Tuesday Blitz January 03 Late 2023"]
[White "Korchmar, Vasiliy"]
[Black "Altman, Joshua"]
[WhiteFideId "24131750"]
[BlackFideId "426210"]
[WhiteElo "2438"]
[BlackElo "2120"]
[Result "0-1"]
[Round "06"]
[TimeControl "180+2"]
[Date "2023.01.03"]
[WhiteClock "0:00:04"]
[BlackClock "0:00:12"]

1. e4 e6 2. d4 d5 3. e5 c5 4. c3 Nc6 5. Nf3 Qb6 6. Be2 cxd4 7. cxd4 Nge7 8. Na3 Nf5 9. Nc2 Bb4+ 10. Kf1 Be7 11. h4 h5 12. g3 Bd7 13. Kg2 Rc8 14. Bd3 g6 15. Bxf5 exf5 16. Bg5 Be6 17. Qd2 Qd8 18. Rhc1 Bxg5 19. Nxg5 Qe7 20. Ne3 O-O 21. Rc5 Rfd8 22. Rac1 a6 23. b4 Na7 24. Kh2 b6 25. Rxc8 Rxc8 26. Rxc8+ Nxc8 27. Qc3 Qd7 28. a4 Ne7 29. a5 b5 30. Qc5 Nc6 31. Ng2 Nd8 32. Nf4 Nc6 33. Qb6 Nxb4 34. Nfxe6 fxe6 35. Nxe6 Nc6 36. Nc5 Qc8 37. Nxa6 Nxd4 38. Qxg6+ Kf8 39. Qf6+ Kg8 40. Qg6+ Kh8 41. Nb4 Qc4 42. Qxh5+ Kg7 43. Qg6+ Kxg6 0-1


[Site "https://www.chess.com"]

[Event "Titled Tuesday Blitz January 03 Late 2023"]
[White "Jaracz, Pawel"]
[Black "Aguilar, Juan"]
[WhiteFideId "1102222"]
[BlackFideId "3800091"]
[WhiteElo "2467"]
[BlackElo "2254"]
[Result "1-0"]
[Round "06"]
[TimeControl "180+2"]
[Date "2023.01.03"]
[WhiteClock "0:00:19"]
[BlackClock "0:00:15"]

1. Nf3 g6 2. e4 Bg7 3. d4 d6 4. Nc3 Nf6 5. Be3 O-O 6. Qd2 c6 7. Bh6 Nbd7 8. Bxg7 Kxg7 9. e5 dxe5 10. dxe5 Ng4 11. Qf4 Qb6 12. Nd1 Ngxe5 13. Nd2 c5 14. Be2 Qf6 15. Qe3 b6 16. f4 Nc6 17. Bf3 Bb7 18. c3 Rad8 19. O-O Na5 20. Bxb7 Nxb7 21. Ne4 Qc6 22. Ndf2 Nf6 23. Ng3 Nd6 24. h3 Rfe8 25. Kh2 Nc4 26. Qe2 b5 27. Rad1 e6 28. b3 Nb6 29. c4 bxc4 30. bxc4 Rd4 31. Rxd4 cxd4 32. Qe5 Rd8 33. Nfe4 Nd7 34. Qxd4 Qb6 35. c5 Qc6 36. Nxf6 1-0


[Site "https://www.chess.com"]

[Event "Titled Tuesday Blitz January 03 Late 2023"]
[White "Mei, Austin"]
[Black "Wieczorek, Oskar"]
[WhiteFideId "30948479"]
[BlackFideId "1133950"]
[WhiteElo "2218"]
[BlackElo "2512"]
[Result "0-1"]
[Round "06"]
[TimeControl "180+2"]
[Date "2023.01.03"]
[WhiteClock "0:00:18"]
[BlackClock "0:01:48"]

1. e4 c5 2. Nf3 e6 3. d4 cxd4 4. Nxd4 Nf6 5. Nc3 d6 6. g4 e5 7. Nf5 h5 8. g5 Nxe4 9. Nxg7+ Bxg7 10. Nxe4 d5 11. Ng3 Nc6 12. Nxh5 Rxh5 13. Qxh5 Nd4 14. Qh7 Kf8 15. Bd3 e4 16. g6 exd3 17. Bh6 Qe7+ 18. Be3 Nxc2+ 19. Kd2 Nxe3 20. fxe3 Qb4+ 21. Kxd3 Bf5+ 22. Ke2 Qg4+ 23. Kd2 Bxg6 24. Rhg1 Qb4+ 25. Ke2 Bxh7 0-1


[Site "https://www.chess.com"]

[Event "Titled Tuesday Blitz January 03 Late 2023"]
[White "Derige Kane, Yan"]
[Black "UnknownMagician"]
[WhiteFideId "20665431"]
[WhiteElo "2204"]
[BlackElo "2670"]
[Result "0-1"]
[Round "06"]
[TimeControl "180+2"]
[Date "2023.01.03"]
[WhiteClock "0:00:03"]
[BlackClock "0:00:17"]

1. Nf3 d5 2. g3 Nf6 3. Bg2 g6 4. O-O Bg7 5. c4 c6 6. cxd5 cxd5 7. Nc3 d4 8. Qa4+ Nc6 9. Nb5 d3 10. exd3 O-O 11. Re1 Qxd3 12. Re3 Qd8 13. d3 a6 14. Nc3 Bf5 15. Ne4 Nd5 16. Re1 Ndb4 17. d4 b5 18. Qb3 Be6 19. Qd1 Nxa2 20. Nc5 Bd5 21. Be3 Nab4 22. Qd2 Re8 23. Red1 e6 24. h4 a5 25. Bg5 Qc7 26. Bh6 Red8 27. Bg5 Rdc8 28. Bf4 Qe7 29. Bg5 Bf6 30. Bxf6 Qxf6 31. Nd7 Qd8 32. Nde5 Nxe5 33. Nxe5 Bxg2 34. Kxg2 Rc2 35. Qf4 Qd5+ 36. Kg1 Qb7 37. Ng4 Nd5 38. Qf3 Kg7 39. Re1 Rxb2 40. Re5 h5 41. Ne3 a4 42. Nxd5 exd5 43. Rxd5 a3 44. Re1 a2 45. Qe4 a1=Q 46. Rxa1 Rxa1+ 47. Kg2 Raa2 48. Kh3 Rxf2 49. Qe5+ Kh7 0-1


[Site "https://www.chess.com"]

[Event "Titled Tuesday Blitz January 03 Late 2023"]
[White "Vlassov, Nikolai"]
[Black "Sukandar, Irine Kharisma"]
[WhiteFideId "4103360"]
[BlackFideId "7101937"]
[WhiteElo "2283"]
[BlackElo "2390"]
[Result "0-1"]
[Round "06"]
[TimeControl "180+2"]
[Date "2023.01.03"]
[WhiteClock "0:00:03"]
[BlackClock "0:00:04"]

1. e4 e5 2. Bc4 Nf6 3. d3 Be7 4. f4 Nc6 5. Nf3 d6 6. Nc3 Bg4 7. O-O exf4 8. Bxf4 O-O 9. h3 Be6 10. Nd5 Bxd5 11. exd5 Na5 12. Nd4 Nxc4 13. dxc4 Nd7 14. Nf5 Bf6 15. Qg4 Kh8 16. c3 Ne5 17. Bxe5 Bxe5 18. Rf3 Qf6 19. Raf1 Qg6 20. Qh4 Rae8 21. Ne7 Qc2 22. R3f2 Qd3 23. Rxf7 Rxf7 24. Rxf7 Qd1+ 25. Kf2 Qd2+ 26. Kf1 Qc1+ 27. Kf2 Qxb2+ 28. Kf1 Qc1+ 29. Kf2 Qc2+ 30. Kf1 Bxc3 31. Qf4 Qd1+ 32. Kf2 Bd4+ 33. Kg3 Be5 34. Nf5 Bxf4+ 35. Kxf4 Qd2+ 36. Kg3 Qg5+ 37. Kh2 Qf4+ 38. Ng3 Qxf7 0-1


[Site "https://www.chess.com"]

[Event "Titled Tuesday Blitz January 03 Late 2023"]
[White "Zomorrodian, Eilia"]
[Black "Popilski, Gil"]
[WhiteFideId "12551805"]
[BlackFideId "2809060"]
[WhiteElo "2109"]
[BlackElo "2443"]
[Result "0-1"]
[Round "06"]
[TimeControl "180+2"]
[Date "2023.01.03"]
[WhiteClock "0:00:04"]
[BlackClock "0:00:10"]

1. Nf3 g6 2. c4 Bg7 3. g3 e5 4. d3 Ne7 5. Bg2 O-O 6. Nc3 c6 7. O-O d5 8. Bg5 d4 9. Ne4 f6 10. Bc1 f5 11. Ned2 a5 12. c5 Na6 13. Qc2 h6 14. b3 Nd5 15. Nc4 e4 16. Nfe5 Qe8 17. f4 exf3 18. Nxf3 Ndb4 19. Qd2 Nxc5 20. Ba3 Nca6 21. Nxa5 c5 22. Rac1 b6 23. Nc4 Rb8 24. Bxb4 Nxb4 25. Nd6 Qe6 26. Nxc8 Rbxc8 27. Ne1 Rfe8 28. Rf2 Nd5 29. Bxd5 Qxd5 30. Ng2 g5 31. Rcf1 Re5 32. h4 Bf6 33. Qc2 b5 34. a4 c4 35. axb5 c3 36. b6 Rb8 37. Qa2 Rxb6 38. Qa7 Rbe6 39. Qb8+ Re8 40. Qc7 Rxe2 41. Rxe2 Rxe2 42. Rf2 Rxf2 43. Kxf2 Qe5 44. hxg5 Qxc7 0-1


[Site "https://www.chess.com"]

[Event "Titled Tuesday Blitz January 03 Late 2023"]
[White "Haydon, David L"]
[Black "Fiorito, Joaquin"]
[WhiteFideId "415405"]
[BlackFideId "180173"]
[WhiteElo "2253"]
[BlackElo "2405"]
[Result "1-0"]
[Round "06"]
[TimeControl "180+2"]
[Date "2023.01.03"]
[WhiteClock "0:00:46"]
[BlackClock "0:00:09"]

1. e4 c6 2. d4 d5 3. Nd2 dxe4 4. Nxe4 Bf5 5. Ng3 Bg6 6. Nf3 Nd7 7. Bc4 e6 8. h4 h6 9. h5 Bh7 10. Qe2 Ngf6 11. Bd3 Bxd3 12. Qxd3 Be7 13. Bd2 O-O 14. Ne4 c5 15. O-O-O Qc7 16. Nxf6+ Nxf6 17. Kb1 Rfd8 18. Qc4 b5 19. Qxb5 cxd4 20. Qe5 Qb7 21. Bc1 Rd5 22. Qe2 Rad8 23. g4 Ba3 24. Rd3 Bf8 25. Rg1 Nh7 26. g5 hxg5 27. Nxg5 Nxg5 28. Bxg5 Rc8 29. h6 Qb5 30. hxg7 Ba3 31. Bc1 Bxb2 32. Bxb2 Rc3 33. Qe4 Rg5 34. Rxg5 Qxg5 35. Bxc3 dxc3 36. Rxc3 Qg1+ 37. Kb2 Qxf2 38. Qe5 1-0


[Site "https://www.chess.com"]

[Event "Titled Tuesday Blitz January 03 Late 2023"]
[White "Gascon Del Nogal, Jose Rafael"]
[Black "Martins, Bruno Andre Leite"]
[WhiteFideId "3902463"]
[BlackFideId "1942255"]
[WhiteElo "2459"]
[BlackElo "2348"]
[Result "0-1"]
[Round "06"]
[TimeControl "180+2"]
[Date "2023.01.03"]
[WhiteClock "0:00:01"]
[BlackClock "0:02:12"]

1. e4 e6 2. d4 d5 3. e5 c5 4. c3 Nc6 5. Nf3 Qb6 6. Ng1 cxd4 7. Nf3 dxc3 8. Nxc3 d4 9. Ne4 Nxe5 10. Nxe5 Qa5+ 11. Bd2 Qxe5 12. Bd3 f5 13. f4 Qd5 14. Ng3 Qxg2 15. Bb5+ Ke7 16. Qa4 Nf6 17. O-O-O Qd5 18. Bc4 Qc6 19. Nxf5+ exf5 20. Bb4+ Ke8 21. Qxc6+ bxc6 0-1


[Site "https://www.chess.com"]

[Event "Titled Tuesday Blitz January 03 Late 2023"]
[White "Kim, Yoon-Young"]
[Black "Blanco Acevedo, Cristobal Jose"]
[WhiteFideId "30908779"]
[BlackFideId "3900525"]
[WhiteElo "2304"]
[BlackElo "2310"]
[Result "1-0"]
[Round "06"]
[TimeControl "180+2"]
[Date "2023.01.03"]
[WhiteClock "0:00:06"]
[BlackClock "0:00:01"]

1. d4 d5 2. c4 e6 3. Nf3 a6 4. Nbd2 Nf6 5. g3 c5 6. cxd5 Nxd5 7. Bg2 Nc6 8. dxc5 Bxc5 9. O-O O-O 10. a3 Ba7 11. Qc2 Bd7 12. b4 Rc8 13. Qb3 Nd4 14. Nxd4 Bxd4 15. Bb2 Nc3 16. Bxc3 Rxc3 17. Qa2 Ba4 18. Rac1 Rxc1 19. Rxc1 Qb6 20. e3 Bf6 21. Ne4 Be7 22. Qb2 Bc6 23. Nd2 Bxg2 24. Kxg2 Bf6 25. Qc2 Rd8 26. Ne4 Be5 27. Qc5 Qxc5 28. Rxc5 f6 29. b5 Rd5 30. bxa6 bxa6 31. Rc6 Ra5 32. Nc5 Bb2 33. Nxa6 Kf7 34. Nc5 Bxa3 35. Rc7+ Kg6 36. Nxe6 Bd6 37. Rxg7+ Kf5 38. Nd4+ Ke4 39. Rxh7 Be5 40. Re7 Kd3 41. Nc6 Rd5 42. Nxe5+ fxe5 43. h4 e4 44. h5 Rxh5 45. g4 Rh4 46. Kg3 Rh1 47. Rd7+ Ke2 48. Kg2 Rh4 49. Rg7 Rh6 50. Kg3 Rh1 51. Kf4 Kxf2 52. Kxe4 Re1 53. Kf5 Rxe3 54. g5 Kg3 55. Rb7 Ra3 56. Kf6 Kg4 57. Rb4+ Kh5 58. Rb5 1-0


[Site "https://www.chess.com"]

[Event "Titled Tuesday Blitz January 03 Late 2023"]
[White "Keller, Peter"]
[Black "Zeynalli, Rashad"]
[WhiteFideId "1272105"]
[BlackFideId "13403320"]
[WhiteElo "2358"]
[BlackElo "2200"]
[Result "0-1"]
[Round "06"]
[TimeControl "180+2"]
[Date "2023.01.03"]
[WhiteClock "0:00:01"]
[BlackClock "0:00:10"]

1. d4 f5 2. Bf4 Nf6 3. e3 g6 4. Nf3 Bg7 5. h3 O-O 6. Bh2 d6 7. Be2 Ne4 8. O-O Nc6 9. c4 e5 10. dxe5 dxe5 11. Qc2 Qe7 12. a3 a5 13. Nfd2 Nxd2 14. Qxd2 Rd8 15. Qc2 b6 16. Nc3 Be6 17. Rfd1 Rxd1+ 18. Rxd1 Rd8 19. Nd5 Qf7 20. Qa4 Nb8 21. Bg3 f4 22. exf4 exf4 23. Bxf4 Bxb2 24. Bxc7 Re8 25. Bf3 Nd7 26. Bxb6 Nxb6 27. Nxb6 Rf8 28. Nd5 Bxh3 29. Qb3 Bg7 30. c5 Be6 31. c6 g5 32. c7 g4 33. Be4 Qxf2+ 34. Kh1 Be5 35. Nf6+ Kf7 36. c8=Q Qh4+ 37. Kg1 Qh2+ 38. Kf1 Rxc8 39. Qb7+ Kxf6 40. Qxc8 Bxc8 0-1


[Site "https://www.chess.com"]

[Event "Titled Tuesday Blitz January 03 Late 2023"]
[White "Davtyan, David Arm."]
[Black "Papp, Levente"]
[WhiteFideId "13310046"]
[BlackFideId "751243"]
[WhiteElo "2344"]
[BlackElo "2353"]
[Result "1-0"]
[Round "06"]
[TimeControl "180+2"]
[Date "2023.01.03"]
[WhiteClock "0:01:00"]
[BlackClock "0:00:02"]

1. d4 Nf6 2. Nf3 e6 3. Bf4 c5 4. e3 Nc6 5. Nbd2 h6 6. c3 Nh5 7. Bg3 Nxg3 8. hxg3 d5 9. Bd3 Be7 10. Qe2 Bd7 11. Rd1 Qb6 12. O-O c4 13. Bb1 Qxb2 14. e4 Qxc3 15. exd5 exd5 16. Ne5 Be6 17. Nxc6 bxc6 18. f4 Qa3 19. f5 Bd7 20. Rde1 Kd8 21. Nf3 Bf6 22. Ne5 Kc7 23. Rf3 Qe7 24. Qd2 Rhe8 25. Qa5+ Kb7 26. Bc2 Rab8 27. Ra3 Kc8 28. Qa6+ Kd8 29. Qxa7 Qd6 30. Nxf7+ 1-0


[Site "https://www.chess.com"]